Cogmind - Beta 14 @@@ ROGUE MODE // 2024.10.21 @ 16:04:05 Player: pd-p0l Result: Destroyed by Y-54 Guardian with Gatling Laser Performance ------------- Evolutions (3) 1500 Regions Visited (6) 1200 Robots Destroyed (22) 110 Value Destroyed (706) 706 Prototype IDs (3) 60 Alien Tech Used (0) 0 Bonus (700) 700 TOTAL SCORE: 4276 Bonus ------- Entered Garrisons 200 Used RIF Installer 500 Cogmind --------- Core Integrity 0/700 Matter 173/300 Energy 100/100 System Corruption 0% Temperature Cool (12) Movement Core (50) Location -7/Garrison Parts ------- > --- POWER (1) -------- (None) > --- PROPULSION (6) --- (None) > --- UTILITY (4) ------ (None) > --- WEAPON (2) ------- (None) > --- INVENTORY (5) ---- Improved Aluminum Leg Improved Heat Sink Small Storage Unit Remote Datajack Mining Laser Peak State ------------ > --- POWER ------------ Light Ion Engine > --- PROPULSION ------- Flight Unit Flight Unit Flight Unit > --- UTILITY ---------- Improved Heat Sink Small Storage Unit Terrain Scanner Seismic Detector > --- WEAPON ----------- Beam Rifle Great Maul > --- INVENTORY -------- Heat Sink Small Storage Unit Minigun Precision Rocket Launcher Mining Laser [Rating: 16] Favorites ----------- Power Ion Engine Engine Ion Engine Power Core Micro Nuclear Core Propulsion Aluminum Leg Leg Aluminum Leg Hover Unit Airjet Flight Unit Flight Unit Utility Small Storage Unit Device Seismic Detector Storage Small Storage Unit Weapon Light Assault Rifle Energy Gun Medium Laser Ballistic Gun Light Assault Rifle Ballistic Cannon Improved Light Cannon Launcher Precision Rocket Launcher Impact Weapon Great Maul Build | -11 -10 -9 -8 -8 -7 -7 ------- Run | Yrd Mat Mat Mat Sto Fac Gar Slots Evolved 6 | . . 2 2 . 2 . Power . | . . . . . . . Propulsion 4 | . . 2 . . 2 . Utility 2 | . . . 2 . . . Weapon . | . . . . . . . Parts Attached 40 | 6 8 7 6 9 4 . Power 7 | 1 2 1 . 2 1 . Engine 6 | 1 2 1 . 2 . . Core 1 | . . . . . 1 . Reactor . | . . . . . . . Propulsion 18 | 2 3 4 3 3 3 . Treads . | . . . . . . . Leg 12 | 2 3 4 3 . . . Wheel . | . . . . . . . Hover 2 | . . . . . 2 . Flight 4 | . . . . 3 1 . Utility 7 | 1 2 . 3 1 . . Device 5 | . 2 . 3 . . . Storage 2 | 1 . . . 1 . . Processor . | . . . . . . . Hackware . | . . . . . . . Protection . | . . . . . . . Artifact . | . . . . . . . Weapon 8 | 2 1 2 . 3 . . Energy Gun 2 | . 1 1 . . . . Energy Cannon . | . . . . . . . Ballistic Gun 3 | 2 . . . 1 . . Ballistic Cannon 1 | . . 1 . . . . Launcher 1 | . . . . 1 . . Special Weapon . | . . . . . . . Impact Weapon 1 | . . . . 1 . . Slashing Weapon . | . . . . . . . Piercing Weapon . | . . . . . . . Special Melee Weapon . | . . . . . . . Unidentified Prototypes 3 | . . . . 1 2 . Parts Lost 13 | . 4 . 5 3 1 . Power 3 | . 1 . 1 1 . . Propulsion 7 | . 1 . 3 2 1 . Utility 1 | . 1 . . . . . Weapon 2 | . 1 . 1 . . . Highest Loss Streak 5 | . 4 . 5 2 1 . To Critical Strikes . | . . . . . . . Average Slot Usage (%) 69 | . 92 99 97 61 6 . Engine 7 | . 12 11 8 5 . . Leg 22 | . 27 43 35 10 . . Flight 1 | . . . . 4 1 . Device 11 | . 10 11 27 22 . . Storage 8 | . 14 11 9 6 . . Energy Gun 8 | . 6 19 17 6 . . Ballistic Gun 7 | . 20 1 . . . . Peak Build Rating 16 | 6 9 11 15 16 13 1 Average Rating 7 | 4 7 10 13 10 4 1 On Entrance 5 | . 6 7 11 10 . 1 Naked Turns 262 | . . . . 38 192 32 Heaviest Build 20 | 12 14 18 20 19 6 . Greatest Support 40 | 20 20 40 40 20 9 3 Greatest Overweight (x) 2 | . . . . 2 1 . Average Overweight (x) . | . . . . . . . Largest Inventory Capacity 8 | 8 8 8 8 8 5 5 Average Capacity 6 | 5 8 8 8 7 5 5 Most Carried 8 | 7 8 8 8 8 5 5 Average Carried 6 | 4 7 7 7 6 4 5 Final Capacity 8 | 8 8 8 8 5 5 5 Final Carried 8 | 7 8 8 6 4 5 5 Class Distribution -------------------- 83% | Mutant 16% | Scavenger-Mutant Dominant Class ---------------- Mutant | -10/Materials Mutant | -9/Materials Scavenger-Mutant | -8/Materials Mutant | -8/Storage Mutant | -7/Factory Mutant | -7/Garrison Resources | -11 -10 -9 -8 -8 -7 -7 ----------- Run | Yrd Mat Mat Mat Sto Fac Gar Matter Collected 443 | 155 159 79 50 . . . Remotely . | . . . . . . . Salvage Created 856 | 31 332 240 197 56 . . Parts 45 | 3 24 8 7 3 . . Haulers Intercepted . | . . . . . . . Recyclers Shooed 3 | . 2 . 1 . . . Parts Field Recycled . | . . . . . . . Retrieved Matter . | . . . . . . . Parts Self-Destructed . | . . . . . . . Prevented . | . . . . . . . Kills | -11 -10 -9 -8 -8 -7 -7 ------- Run | Yrd Mat Mat Mat Sto Fac Gar Combat Hostiles Destroyed 20 | . 8 5 6 1 . . Guns 20 | . 8 5 6 1 . . Classes Destroyed 5 | 2 1 1 1 . . . Tunneler 1 | 1 . . . . . . Recycler 1 | 1 . . . . . . Swarmer 3 | . . . 3 . . . Grunt 14 | . 8 3 2 1 . . Sentry 3 | . . 2 1 . . . Best Kill Streak 4 | 1 3 4 4 1 . . Combat Bots Only 4 | . 3 4 4 1 . . Max Kills in Single Turn 1 | 1 1 1 1 1 . . Gunslinging . | . . . . . . . Exploded . | . . . . . . . Melee . | . . . . . . . Uniques/NPCs Destroyed . | . . . . . . . Combat | -11 -10 -9 -8 -8 -7 -7 -------- Run | Yrd Mat Mat Mat Sto Fac Gar Hostile Shots Fired 383 | . 82 18 58 35 124 66 Missed 150 | . 22 4 9 12 70 33 Damage Taken 2831 | . 712 180 753 380 638 168 Core 1267 | . 213 65 165 119 537 168 Absorbed by Shields 71 | . . . . . . 71 Core Remaining (%) 61 | 100 14 83 . 48 . . Volleys Fired 107 | 4 60 16 19 8 . . Largest 2 | 2 2 2 2 1 . . Hottest 106 | 40 70 106 106 56 . . Shots Fired 189 | 8 104 32 37 8 . . Gun 187 | 8 104 30 37 8 . . Cannon 2 | . . 2 . . . . Launcher . | . . . . . . . Special . | . . . . . . . Kinetic 115 | 8 100 2 . 5 . . Thermal 74 | . 4 30 37 3 . . Explosive . | . . . . . . . Electromagnetic . | . . . . . . . Robot Hit Streak 11 | 2 11 8 7 8 . . Robot Miss Streak 6 | 3 4 6 1 . . . Penetration Max . | . . . . . . . Secondary Targets 1 | . 1 . . . . . Max Gunslinging Chain 1 | . 1 . . . . . Shots Hit Robots 134 | 4 70 25 26 9 . . Core Hits 64 | 11 27 10 13 3 . . Critical Kills 1 | . 1 . . . . . Critical Parts Destroyed . | . . . . . . . Critical Strikes 8 | . 1 4 2 1 . . Burn 6 | . . 3 2 1 . . Destroy 1 | . 1 . . . . . Blast 1 | . . 1 . . . . Melee Attacks 2 | . . . . 2 . . Impact 2 | . . . . 2 . . Slashing . | . . . . . . . Piercing . | . . . . . . . Sneak Attacks . | . . . . . . . Combat Hostiles . | . . . . . . . Follow-up Attacks . | . . . . . . . Damage Inflicted 1541 | 92 552 348 369 175 5 . Guns 1404 | 32 551 326 369 126 . . Cannons 22 | . . 22 . . . . Explosions . | . . . . . . . Melee 49 | . . . . 49 . . Ramming 66 | 60 1 . . . 5 . Kinetic 688 | 32 551 22 . 83 . . Thermal 738 | . . 326 369 43 . . Explosive . | . . . . . . . Electromagnetic . | . . . . . . . Impact 49 | . . . . 49 . . Slashing . | . . . . . . . Piercing . | . . . . . . . Highest Corruption . | . . . . . . . Average Corruption . | . . . . . . . Corruption Purged . | . . . . . . . Corruption Blocked . | . . . . . . . Overload Shots . | . . . . . . . Overflow Damage 10 | . . 10 . . . . Projectiles 10 | . . 10 . . . . Explosions . | . . . . . . . Melee . | . . . . . . . Knockbacks 1 | . . . . 1 . . Impact 1 | . . . . 1 . . Kinetic . | . . . . . . . Secondary . | . . . . . . . Self-Inflicted Damage 2 | . . . . . 2 . Shots . | . . . . . . . Rammed 1 | . . . . . 1 . Targets Rammed 40 | 38 1 . . . 1 . Kicked 39 | 38 1 . . . . . Crushed . | . . . . . . . Highest Temperature 269 | . 60 269 119 29 . . Average Temperature 55 | . 13 112 36 13 . . Received Heat Transfer 1442 | . 390 69 405 225 309 44 Siege Activations . | . . . . . . . Robots Corrupted . | . . . . . . . Combat Hostiles . | . . . . . . . Parts Fried . | . . . . . . . Impact Corruptions . | . . . . . . . Robots Melted . | . . . . . . . Combat Hostiles . | . . . . . . . Parts Melted 10 | . . 7 3 . . . Heat Transferred 2442 | . . 1110 1147 185 . . Parts Sabotaged . | . . . . . . . Parts Stolen . | . . . . . . . Parts Stripped . | . . . . . . . Power Chain Reactions . | . . . . . . . Alert | -11 -10 -9 -8 -8 -7 -7 ------- Run | Yrd Mat Mat Mat Sto Fac Gar Peak Influence 419 | 10 281 282 346 198 419 308 Initial 293 | . 6 33 118 124 89 293 Average 147 | 2 178 141 210 139 194 299 Maximum Alert Level 2 | . 1 1 1 . 2 1 Low Security (%) 66 | 100 46 64 47 100 60 . Level 1 32 | . 53 35 52 . 31 100 Level 2 1 | . . . . . 8 . Level 3 . | . . . . . . . Level 4 . | . . . . . . . Level 5 . | . . . . . . . High Security . | . . . . . . . Max Security . | . . . . . . . Squads Dispatched 7 | . 1 2 2 1 1 . Investigation 1 | . . . . 1 . . Extermination . | . . . . . . . Reinforcement 6 | . 1 2 2 . 1 . Assault . | . . . . . . . Garrison . | . . . . . . . Intercept . | . . . . . . . Searches Triggered . | . . . . . . . Construction Impeded . | . . . . . . . Haulers Reinforced . | . . . . . . . Active Scanning Responses . | . . . . . . . Cargo Convoy Interrupts . | . . . . . . . Stealth | -11 -10 -9 -8 -8 -7 -7 --------- Run | Yrd Mat Mat Mat Sto Fac Gar Distress Signals 8 | . 4 3 . 1 . . Communications Jammed . | . . . . . . . Distress Signals . | . . . . . . . Times Spotted 87 | . 27 11 15 6 26 2 Peak Tracking Total 12 | . 8 4 5 5 12 2 Tactical Retreats 12 | . 3 2 2 1 4 . Traps | -11 -10 -9 -8 -8 -7 -7 ------- Run | Yrd Mat Mat Mat Sto Fac Gar Traps Triggered 7 | . . . . 2 3 2 Indirectly . | . . . . . . . Trap Hack Attempts . | . . . . . . . Triggered . | . . . . . . . Disarmed . | . . . . . . . Reprogrammed . | . . . . . . . Reused . | . . . . . . . Traps Extracted . | . . . . . . . Installed . | . . . . . . . Triggered . | . . . . . . . Machines | -11 -10 -9 -8 -8 -7 -7 ---------- Run | Yrd Mat Mat Mat Sto Fac Gar Machines Disabled . | . . . . . . . Max in Single Turn . | . . . . . . . Machines Repaired . | . . . . . . . Machines Dismantled . | . . . . . . . Machines Sabotaged . | . . . . . . . Overloaded Fab Kills . | . . . . . . . Hacking | -11 -10 -9 -8 -8 -7 -7 --------- Run | Yrd Mat Mat Mat Sto Fac Gar Machines Accessed 13 | . 1 1 1 4 6 . Terminals 9 | . . 1 1 3 4 . Fabricators 1 | . . . . . 1 . Repair Stations . | . . . . . . . Recycling Units 2 | . 1 . . 1 . . Scanalyzers . | . . . . . . . Garrison Access 1 | . . . . . 1 . Total Hacks 30 | . 2 2 4 11 11 . Successful 16 | . 2 1 3 4 6 . Failed 14 | . . 1 1 7 5 . Catastrophic 3 | . . . . 3 . . Database Lockouts . | . . . . . . . Manual . | . . . . . . . Terminals 24 | . . 2 4 9 9 . Fabricators 1 | . . . . . 1 . Repair Stations . | . . . . . . . Recycling Units 4 | . 2 . . 2 . . Scanalyzers . | . . . . . . . Garrison Access 1 | . . . . . 1 . Terminal Hacks 10 | . . 1 3 2 4 . Record 2 | . . . 2 . . . Open Door 2 | . . . . 2 . . Open DSF 1 | . . . . . 1 . Emergency Access Points 1 | . . . 1 . . . Terminal Index 1 | . . . . . 1 . Alert Level 2 | . . . . . 2 . Zone Layout 1 | . . 1 . . . . Fabricator Hacks 1 | . . . . . 1 . Network Status 1 | . . . . . 1 . Repair Station Hacks . | . . . . . . . Recycling Unit Hacks 4 | . 2 . . 2 . . Report Inventory 2 | . 1 . . 1 . . Retrieve Components 2 | . 1 . . 1 . . Scanalyzer . | . . . . . . . Garrison Access Hacks 1 | . . . . . 1 . Unlock Access 1 | . . . . . 1 . Unauthorized Hacks . | . . . . . . . Terminals . | . . . . . . . Fabricators . | . . . . . . . Repair Stations . | . . . . . . . Recycling Units . | . . . . . . . Scanalyzers . | . . . . . . . Garrison Access . | . . . . . . . Data Cores Recovered . | . . . . . . . Used . | . . . . . . . Hacking Detections 9 | . . 1 1 3 4 . Full Trace Events 2 | . . . . 2 . . Feedback Events . | . . . . . . . Feedback Blocked . | . . . . . . . Robot Schematics Acquired . | . . . . . . . Robots Built . | . . . . . . . Authchips . | . . . . . . . Time . | . . . . . . . Total Robot Build Rating . | . . . . . . . Part Schematics Acquired . | . . . . . . . Parts Built . | . . . . . . . Authchips . | . . . . . . . Time . | . . . . . . . Total Part Build Rating . | . . . . . . . Parts Repaired . | . . . . . . . Time . | . . . . . . . Parts Recycled . | . . . . . . . Recycled Matter . | . . . . . . . Retrieved Matter . | . . . . . . . Retrieved Components 12 | . 10 . . 2 . . Parts Scanalyzed . | . . . . . . . Part Schematics Acquired . | . . . . . . . Parts Damaged . | . . . . . . . Bothacking | -11 -10 -9 -8 -8 -7 -7 ------------ Run | Yrd Mat Mat Mat Sto Fac Gar Used RIF Installer 1 | . . . . . . 1 Robots Hacked . | . . . . . . . Non-combat . | . . . . . . . Combat . | . . . . . . . Robot Hacks Applied . | . . . . . . . Relay Couplers Released . | . . . . . . . Fabnet Peak Effective % . | . . . . . . . Robots Rewired . | . . . . . . . Allies Hacked . | . . . . . . . Hacks Repelled . | . . . . . . . Allies | -11 -10 -9 -8 -8 -7 -7 -------- Run | Yrd Mat Mat Mat Sto Fac Gar Total Allies . | . . . . . . . Largest Group . | . . . . . . . Highest-Rated Group . | . . . . . . . Highest-Rated Ally . | . . . . . . . Total Orders . | . . . . . . . Ally Attacks . | . . . . . . . Total Damage . | . . . . . . . Kills . | . . . . . . . Allies Corrupted . | . . . . . . . Allies Melted . | . . . . . . . Intel | -11 -10 -9 -8 -8 -7 -7 ------- Run | Yrd Mat Mat Mat Sto Fac Gar Robot Analysis Total . | . . . . . . . Derelict Logs Recovered . | . . . . . . . Drone Launches . | . . . . . . . Drone Recoveries . | . . . . . . . Exploration | -11 -10 -9 -8 -8 -7 -7 ------------- Run | Yrd Mat Mat Mat Sto Fac Gar Turns Passed 1660 | 277 442 237 177 205 290 32 Spaces Moved 1379 | 171 202 128 74 187 580 37 Core 462 | 3 . . . 78 344 37 Treads . | . . . . . . . Legs 655 | 168 202 128 74 83 . . Wheels . | . . . . . . . Hover 36 | . . . . . 36 . Flight 226 | . . . . 26 200 . Fastest Speed 35 | 50 120 120 120 37 35 50 Average Speed 81 | 118 120 120 120 85 44 50 Slowest Speed 197 | 120 120 120 120 197 100 50 Overloaded Moves . | . . . . . . . Propulsion Burnouts . | . . . . . . . Robots Hopped 6 | . . . . 3 3 . Cave-ins Triggered . | . . . . . . . Exploration Rate (%) 21 | 8 38 21 12 41 22 9 Regions Visited 6 Branch Regions 1 Pre-discovered Areas . | . . . . . . . Known Exits Taken 1 | . . . . . 1 . Unknown Exits Taken 5 | 1 1 1 1 1 . . Scrap Searched . | . . . . . . . Spaces Dug . | . . . . . . . Terrain Destroyed . | . . . . . . . Melee . | . . . . . . . Projectile . | . . . . . . . AOE . | . . . . . . . Terrain Rammed . | . . . . . . . Walls Destroyed . | . . . . . . . Machines Disabled . | . . . . . . . Actions | -11 -10 -9 -8 -8 -7 -7 --------- Run | Yrd Mat Mat Mat Sto Fac Gar Total 1731 | 231 318 181 125 219 607 50 Wait 75 | . 34 18 20 3 . . Move 1362 | 170 201 127 73 181 573 37 Hop 5 | . . . . 2 3 . Pick Up 50 | 13 10 7 4 8 8 . Fast Attach . | . . . . . . . Attach 27 | 6 5 2 3 7 4 . Detach 1 | . . . . 1 . . Swap 13 | . 3 5 3 2 . . Drop 20 | . 4 5 3 5 3 . Fire 107 | 4 60 16 19 8 . . Melee 2 | . . . . 2 . . Ram 1 | . . . . . 1 . Kick 39 | 38 1 . . . . . Crush . | . . . . . . . Escape Stasis 28 | . . . . . 15 13 Rewire 1 | . . 1 . . . . Trap . | . . . . . . . Miscellaneous . | . . . . . . . Route ------- -11/Scrapyard -10/Materials (discovered 3 exits: *Mat x2 / [*Min]) -9/Materials (discovered 2 exits: *Mat / [*Min]) -8/Materials -8/Storage -7/Factory -7/Garrison History --------- Turn | Location | Event 6 | -11/Scrapyard | Discovered new exit (range 16) 278 | -11/Scrapyard | Entered Materials 304 | -10/Materials | Build established: Mutant 485 | -10/Materials | Core integrity fell below 50% 503 | -10/Materials | Core integrity fell below 20% 514 | -10/Materials | Lost 4 parts (1p1n1u1w) 629 | -10/Materials | Discovered new exit (range 10) 680 | -10/Materials | Discovered new exit (range 10) 702 | -10/Materials | Discovered new exit (range 16) 720 | -10/Materials | Entered another Materials area 720 | -9/Materials | Evolved 2 slots: Propulsion x2 923 | -9/Materials | Discovered new exit (range 9) 932 | -9/Materials | Discovered new exit (range 14) 957 | -9/Materials | Entered another Materials area 957 | -8/Materials | Evolved 2 slots: Utility x2 1094 | -8/Materials | Discovered new exit (range 7) 1134 | -8/Materials | Entered Storage 1158 | -8/Storage | Lost 5 parts (1p3n1w) 1301 | -8/Storage | Released all parts (5) 1305 | -8/Storage | Core integrity fell below 50% 1335 | -8/Storage | Discovered new exit (range 8) 1339 | -8/Storage | Entered Factory 1339 | -7/Factory | Evolved 2 slots: Propulsion x2 1479 | -7/Factory | Identified exit to Garrison 1570 | -7/Factory | Core integrity fell below 50% 1629 | -7/Factory | Entered Garrison 1634 | -7/Garrison | Installed Relay Interface Framework 1647 | -7/Garrison | Triggered checkpoint 1654 | -7/Garrison | Core integrity fell below 20% 1661 | -7/Garrison | Destroyed by Y-54 Guardian with Gatling Laser Last Messages --------------- area. 01647_ Field strength at 94. 01648_ Field strength at 88. 01649_ Field strength at 82. 01650_ Field strength at 76. 01651_ Field strength at 66. 01652_ Field strength at 54. 01653_ Field strength at 48. 01654_ Field strength at 36. 01655_ Field strength at 15. 01656_ Field strength at 9. 01656_ Stasis field depleted. 01657_ Triggered Stasis Trap. 01657_ A bubble of rippling energy engulfs the area. 01657_ Field strength at 94. 01657_ Field strength at 88. 01658_ Field strength at 71. 01659_ Field strength at 65. 01660_ Field strength at 59. Map ----- +----------------------------------------------------+ | ????????????????????# ########???????????????? | | ????????????????????# ## """"#???????????????? | | ????????????????????### "#???????????????? | | ??????????????????????# ## """"#???????????????? | | ??????????????????????# ########???????????????? | | ??????????????????????# #??????????????????????? | | ??????????????????????# #??????????????????????? | | ??????????????????????# #??????????????????????? | | ??????????????????????# #??????????????????????? | | ??????????????????????# #??????????????????????? | | ??????????????????????# #??????????????????????? | | ??????????????????????# #??????????????????????? | | ??????????????????????# #??????????????????????? | | ??????????????????????# #??????????????????????? | | ??????????????????????# #??????????????????????? | | ??????????????????????# #??????????????????????? | | ??????????????????????# #??????????????????????? | | ??????????????????????# #??????????????????????? | | ??????????????????????# #??????????????????????? | | ??????????????????????# #??????????????????????? | | ??????????????????????# #??????????????????????? | | ???????????############ #??????????????????????? | | ???????# ^ YY #??????????????????????? | | ???????# #??????????????????????? | | ?????????# ##### ## #??????????????????????? | | ?????????????????# ?#^ @#??????????????????????? | | ?????????????????###??# #??????????????????????? | | ??????????????????????# #??????????????????????? | | ??????????????????????# #??????????????????????? | | ??????????????????????# #??????????????????????? | | ??????????????????????# #??????????????????????? | | ??????????????????????# ??????????????????????? | | ??????????????????????# ??????????????????????? | | ??????????????????????# ?????????????????????? | | ??????????????????????######?????????????????????? | | ?????????????????????????????????????????????????? | | ?????????????????????????????????????????????????? | | ?????????????????????????????????????????????????? | | ?????????????????????????????????????????????????? | | ?????????????????????????????????????????????????? | | ?????????????????????????????????????????????????? | | ?????????????????????????????????????????????????? | | ?????????????????????????????????????????????????? | | ?????????????????????????????????????????????????? | | ?????????????????????????????????????????????????? | | ?????????????????????????????????????????????????? | | ?????????????????????????????????????????????????? | | ?????????????????????????????????????????????????? | | ?????????????????????????????????????????????????? | | ?????????????????????????????????????????????????? | +----------------------------------------------------+ Best States ------------- Heat Dissipation 45 Energy Generation 15 Energy Capacity 265 Matter Stores 300 Matter Capacity 300 Sight Range 16 Terrain Scan Range 16 Terrain Scan Density 10 Evasion (%) 63 Item Schematics ----------------- None Robot Schematics ------------------ None Fabricated ------------ Nothing Alien Tech Used ----------------- None Achievements -------------- None Challenges ------------ None Game ------ Seed MasterRegenerativePick Manual? 0 Play Time 00:38:05 Cumulative 11.0 hours Start 2024.10.21 @ 13:48:05 End 2024.10.21 @ 16:04:05 Sessions 5 Manual Loads 0 Difficulty Rogue Special Mode None Game No. 13 Rogue 13 Adventurer 0 Explorer 0 Win Type - Total 0 Types 0/0/0/0/0/0/0/0/0 Lore% 8 Gallery% 13 Achievement% 12 Wizard Run 0 Options --------- Layout 1 ASCII 0 Keyboard 1 Movement Vi Keybinds 0 Fullscreen 1 Font 24/Smallcaps Map View 50x35 Zoom Use 0% Tactical HUD 1 Map Filters NONE Filters NONE Steam 1 RUN: 470b936e-e979-4e4b-9c18-a42bb702c3c2